 Dungeon Crawl Stone Soup version 0.31-a0-1301-g7e11add784 (webtiles) character file.

Game seed: 15821767811396281730

268 Colgate the Covert (level 6, -8/52 HPs)
             Began as a Kobold Brigand on Dec 19, 2023.
             Was an Initiate of Dithmenos.
             Mangled by a gnoll sergeant
             ... wielding a +2 spear of venom
              (10 damage)
             ... on level 4 of the Dungeon.
             The game lasted 00:10:12 (3175 turns).

Colgate the Covert (Kobold Brigand)                 Turns: 3175, Time: 00:10:13

Health: -8/52      AC:  5    Str:  8    XL:     6   Next: 45%
Magic:  6/6        EV: 14    Int: 12    God:    Dithmenos [......]
Gold:   49         SH:  5    Dex: 19    Spells: 5/5 levels left

rFire   . . .        b - +0 dagger (venom)
rCold   . . .        (no shield)
rNeg    . . .        n - +0 robe
rPois   .            p - +0 helmet
rElec   .            t - +1 cloak
rCorr   .            (no gloves)
SInv    .            (no boots)
Will    .....        v - amulet of reflection Stlth
                     u - ring of wizardry
HPRegen 0.28/turn    (no ring)
MPRegen 0.10/turn

%: reflection, wizardry (x1)
@: berserking, lethally poisoned (-8 -> -14), very quick
A: small, no large weapons, nightstalker 3
a: Renounce Religion


You were on level 4 of the Dungeon.
You worshipped Dithmenos.
Dithmenos was noncommittal.
You visited 1 branch of the dungeon, and saw 4 of its levels.

You collected 137 gold pieces.
You spent 88 gold pieces at shops.

Inventory:

Hand Weapons
 a - a +2 dagger
 b - a +0 dagger of venom (weapon)
 j - a +0 short sword
Missiles
 d - 17 poisoned darts (quivered)
 e - 3 curare-tipped darts
 A - 3 boomerangs
Armour
 n - a +0 robe (worn)
 p - a +0 helmet (worn)
 t - a +1 cloak (worn)
Jewellery
 u - a ring of wizardry (left hand)
 v - an amulet of reflection (around neck)
Wands
 o - a wand of digging (5) {@v3}
 w - a wand of roots (3) {@v2}
Scrolls
 g - a scroll of identify {unknown}
 h - a scroll of enchant weapon {unknown}
 i - a scroll of brand weapon {unknown}
 k - a scroll of amnesia {unknown}
 q - a scroll of teleportation {unknown}
 s - a scroll of fear {unknown}
 x - a scroll of enchant armour {unknown}
 y - a scroll of noise {unknown}
 z - a scroll of torment {unknown}
Potions
 f - a potion of degeneration {unknown}
 l - a potion of curing {unknown}
 m - a potion of enlightenment {unknown}
 r - a potion of lignification {unknown}


   Skills:
 - Level 2.1 Fighting
 + Level 6.1 Short Blades
 - Level 2.1 Throwing
 - Level 1.2 Dodging
 - Level 8.2 Stealth


You had 5 spell levels left.
You didn't know any spells.
Your spell library contained the following spells:

 Spells                   Type           Power      Damage    Failure   Level
 Dazzling Flash           Conj/Hex       0%         N/A       36%         3
 Tukima's Dance           Hex            0%         N/A       36%         3
 Volatile Blastmotes      Fire/Tloc      0%         2d10      36%         3
 Dimensional Bullseye     Hex/Tloc       0%         N/A       75%         4
 Iskenderun's Mystic Bla  Conj/Tloc      0%         2d3       75%         4
 Passage of Golubria      Tloc           0%         N/A       75%         4
 Silence                  Hex/Air        0%         N/A       97%         5
 Starburst                Conj/Fire      0%         6d3       100%        6
 Lehudib's Crystal Spear  Conj/Erth      0%         10d2      100%        8
 Maxwell's Capacitive Co  Air            0%         ∞         100%        8


Dungeon Overview and Level Annotations

Branches:
Dungeon (4/15)
 Temple: D:4-7

Altars:
Dithmenos
Trog

Shops:
D:2 *

Annotations:
D:1 kaivuulla käärö


Innate Abilities, Weirdness & Mutations

You are small and have problems with some larger weapons.
You are completely attuned to the shadows.


Message History

You kill the ball python!
Dithmenos accepts your kill. You block the gnoll sergeant's attack.
The gnoll sergeant hits you with a +2 spear of venom!
You are poisoned.
You closely miss the gnoll sergeant.
You feel sick.
The gnoll sergeant hits you with a +2 spear of venom.
You hit the gnoll sergeant but do no damage.
The gnoll sergeant is poisoned.
You feel sick.
You hit the gnoll sergeant but do no damage.
The gnoll sergeant looks as sick as possible!
You feel sick. The gnoll sergeant misses you.
The gnoll sergeant blocks your attack.
You feel sick.
The gnoll sergeant hits you with a +2 spear of venom.
You feel sick.
The gnoll sergeant completely misses you.
You feel sick.
The gnoll sergeant attacks as it pursues you!
You block the gnoll sergeant's attack.
You feel sick.
The gnoll sergeant attacks as it pursues you!
You block the gnoll sergeant's attack.
You feel sick.
You feel sick.
You are no longer poisoned.
The gnoll sergeant attacks as it pursues you!
The gnoll sergeant hits you from afar with a +2 spear of venom.
* * * LOW HITPOINT WARNING * * *
You are lethally poisoned!
* * * LOW HITPOINT WARNING * * *
You feel very sick.
The gnoll sergeant attacks as it pursues you!
You block the gnoll sergeant's attack.
It was a potion of berserk rage.
A red film seems to cover your vision as you go berserk!
You feel yourself moving faster!
You feel mighty!
* * * LOW HITPOINT WARNING * * *
You feel very sick.
The gnoll sergeant hits you from afar with a +2 spear of venom!
You die...

.................
.###.†............ .#
##.)............ .#
#............... .#
##...............
.####................
..#...........g......
#....#......<.......#
#..###..........@..#
#.## ##..............
#.# ##.............
#.# ##.........##.
.<# #...###...## ..
..# ###.# #...##..
..# #..# #.....# ..##
##.## #....# ###
...### #..# ##..##
#.#


You could see a gnoll sergeant (very poisoned).

Vanquished Creatures
  A scorpion (D:4)
  Crazy Yiuf (D:2)
  A jelly (D:4)
  Jessica (D:2)
  5 adders
  3 worms
  A dart slug (D:1)
  4 orcs (D:3)
  8 ball pythons
  3 bats
  4 endoplasms
  3 giant cockroaches
  2 hobgoblins (D:1)
  5 jackals
  5 quokkas
  5 frilled lizards
  2 goblins
  9 kobolds
  6 rats
69 creatures vanquished.

Notes
Turn   | Place    | Note
-------+----------+-------------------------------------------
     0 | D:1      | Colgate the Kobold Brigand began the quest for the Orb.
     0 | D:1      | Reached XP level 1. HP: 12/12 MP: 1/1
    87 | D:1      | Reached XP level 2. HP: 15/17 MP: 2/2
   376 | D:1      | Reached XP level 3. HP: 21/21 MP: 3/3
   840 | D:2      | Reached skill level 6 in Stealth
   880 | D:2      | You fall into a shaft and drop 2 floors!
  1058 | D:3      | Reached XP level 4. HP: 26/26 MP: 4/4
  1324 | D:3      | Reached skill level 7 in Stealth
  1646 | D:2      | Found Purph's Assorted Antiques.
  1758 | D:2      | Noticed Jessica
  1762 | D:2      | Killed Jessica
  1763 | D:2      | Reached XP level 5. HP: 30/30 MP: 5/5
  1781 | D:2      | Found a runed translucent door.
  1784 | D:2      | Noticed Crazy Yiuf
  1789 | D:2      | Killed Crazy Yiuf
  1790 | D:2      | Reached skill level 8 in Stealth
  2401 | D:2      | Bought a blackened bronze wand for 88 gold pieces
  2530 | D:3      | Found a shadowy altar of Dithmenos.
  2540 | D:3      | Became a worshipper of Dithmenos the Shadowed
  2827 | D:3      | Found a bloodstained altar of Trog.
  2976 | D:4      | Reached skill level 5 in Short Blades
  2976 | D:4      | Reached XP level 6. HP: 35/35 MP: 6/6
  3175 | D:4      | HP: 2/52 [poisoned by a gnoll sergeant]
  3175 | D:4      | Mangled by a gnoll sergeant

Illustrated notes

Levels and vault maps discovered:
D:1:      minmay_arrival_open_corners, layout_basic, serial_park_tiny_2,
          minmay_surrounded
D:2:      layout_basic, serial_shops, nicolae_shop_tiny_glass, uniq_jessica,
          uniq_crazy_yiuf_cottage
D:3:      layout_basic, nicolae_dithmenos_through_a_glass_darkly,
          general_overflow_altar
D:4:      layout_layer_cave, minmay_between

Skill      XL: |  1  2  3  4  5  6 |
---------------+-------------------+-----
Short Blades   | 3 4 5 6 |  6.1
Stealth        | 6 7 8 |  8.2
Fighting       | |  2.1
Throwing       | |  2.1
Dodging        | |  1.2

Action                     |  1- 3 |  4- 6 || total
---------------------------+-------+-------++-------
  Melee: Dagger            |    73 |    71 ||   144
         Punch             |     2 |       ||     2
  Evoke: Wand              |       |     1 ||     1
    Use: Potion            |       |     1 ||     1
   Stab: Sleeping          |    14 |    25 ||    39
 Armour: Robe              |    21 |    13 ||    34
  Dodge: Dodged            |    36 |    25 ||    61
  Block: Other             |       |     8 ||     8

Table legend: (Time is in decaauts)
 A = Elapsed time spent in this place.
 B = Non-inter-level travel time spent in this place.
 C = Inter-level travel time spent in this place.
 D = Time resting spent in this place.
 E = Time spent auto-exploring this place.
 F = Levels seen in this place.
 G = Mean time per level.
                   A        B        C        D        E       F      G
               +--------+--------+--------+--------+--------+-----+--------+
         Total |   3144 |   2737 |    407 |      0 |   2230 |   4 |  786.0 |
       Dungeon |   3144 |   2737 |    407 |      0 |   2230 |   4 |  786.0 |
               +--------+--------+--------+--------+--------+-----+--------+

Top non-repeatable levels by time:
     D:3: 1002 daAuts
     D:2: 893 daAuts
     D:1: 848 daAuts
     D:4: 400 daAuts
